 Dungeon Crawl Stone Soup version 0.25-a0-294-gea9b1ad378 (webtiles) character file.

Game seed: 8328988505197428337, levelgen mode: classic

221 Borgoz the Cutter (level 6, 0/57 HPs)
             Began as a Kobold Gladiator on Dec 16, 2019.
             Killed by divine providence
             ... invoked by an orc priest
              (10 damage)
             ... on level 4 of the Dungeon.
             The game lasted 00:04:25 (3388 turns).

Borgoz the Cutter (Kobold Gladiator)                Turns: 3388, Time: 00:04:26

Health: 0/57       AC: 23    Str: 13    XL:     6   Next: 18%
Magic:  6/6        EV:  3    Int:  9    God:
Gold:   210        SH:  0    Dex: 22    Spells: 5/5 levels left

rFire    . . .     SeeInvis .   a - +1 rapier
rCold    . . .     Gourm    .   (shield restricted)
rNeg     + + +     Faith    .   (armour currently unavailable)
rPois    +         Spirit   .   (helmet currently unavailable)
rElec    .         Reflect  .   (cloak currently unavailable)
rCorr    .         Harm     .   (gloves currently unavailable)
MR       .....     NoTele   +   (boots currently unavailable)
Stlth    +++.......             (no amulet)
HPRegen  0.19/turn              (no ring)
MPRegen  0.10/turn              (no ring)

@: agile, tree-form
A: small, carnivore
a: no special abilities


You were on level 4 of the Dungeon.
You were completely stuffed.
You were a tree.
You visited 1 branch of the dungeon, and saw 4 of its levels.

You collected 210 gold pieces.

Inventory:

Hand Weapons
 a - a +1 rapier (weapon)
Missiles
 d - 3 throwing nets (quivered)
Armour
 b - a +0 leather armour (melded)
 c - a +0 helmet (melded)
 k - a +1 pair of boots (melded)
Wands
 t - a wand of iceblast (15)
Scrolls
 e - 2 scrolls of fear
 g - a scroll of teleportation {unknown}
 h - a scroll of identify {unknown}
 j - 2 scrolls of fog
 l - a scroll of magic mapping {unknown}
 m - a scroll of enchant armour {unknown}
 o - 2 scrolls of amnesia
 p - 2 scrolls of enchant weapon
Potions
 i - 3 potions of agility
 s - a potion of curing {unknown}
Comestibles
 f - 4 rations
 r - 12 chunks of flesh


   Skills:
 + Level 4.1 Fighting
 + Level 5.9 Short Blades
 - Level 2.1 Throwing
 + Level 5.3 Dodging


You had 5 spell levels left.
You didn't know any spells.
Your spell library contained the following spells:

 Spells                   Type           Power        Failure   Level  Hunger
 Magic Dart               Conj           #...         38%         1    ##.....
 Searing Ray              Conj           #.....       52%         2    ###....
 Dazzling Flash           Conj/Hex       #.....       77%         3    ####...
 Fulminant Prism          Conj/Hex       #.........   99%         4    #####..
 Iskenderun's Mystic Bla  Conj/Tloc      #.......     99%         4    #####..


Dungeon Overview and Level Annotations

Branches:
Dungeon (4/15)
 Temple: D:4-7

Altars:
Kikubaaqudgha
Ru
Trog
Wu Jian


Innate Abilities, Weirdness & Mutations

You are small and have problems with some larger weapons.
You are carnivorous and can eat meat at any time.


Message History

Your roots penetrate the ground.
The orc wizard hits you but does no damage.
The orc wizard gestures at you while chanting.
The magic dart hits you but does no damage.
The orc hits you but does no damage.
You hit the orc wizard.
The orc wizard is moderately wounded.
The orc wizard points at you and mumbles some strange words.
The puff of frost hits you but does no damage.
You closely miss the orc wizard.
The orc wizard is moderately wounded.
The orc wizard hits you but does no damage.
The orc barely misses you. The orc hits you but does no damage.
You hit the orc wizard.
The orc wizard is severely wounded.
The orc wizard hits you but does no damage.
The orc hits you but does no damage.
The orc priest mumbles some strange prayers to Beogh against you.
Beogh smites you!
You die...

.........#######.........######
..............#..........#
........#.....#.#........#
........#.....#.#........#
................#........#
........#.....###........#
.........)....##[........#
..............##.#########
...........#####♣#####
..>.....##.....ooo...#
......)#####....o....# ......##
#?..†.....# ####### #..)......#
# #.........# #.........#
#.........# #.........#


You could see an orc priest, an orc wizard and 2 orcs.

Vanquished Creatures
  2 orc wizards
  A worker ant (D:4)
  6 adders
  2 worms (D:2)
  5 leopard geckos
  10 orcs
  4 bats
  4 giant cockroaches
  8 goblins
  7 hobgoblins
  11 kobolds
  2 ball pythons
  7 frilled lizards
  A jackal skeleton (D:4)
  4 rats
74 creatures vanquished.

Notes
Turn   | Place    | Note
-------+----------+-------------------------------------------
     0 | D:1      | Borgoz the Kobold Gladiator began the quest for the Orb.
     0 | D:1      | Reached XP level 1. HP: 12/12 MP: 1/1
   241 | D:1      | Reached XP level 2. HP: 18/18 MP: 2/2
   892 | D:1      | Reached XP level 3. HP: 21/22 MP: 3/3
  1451 | D:2      | Reached XP level 4. HP: 14/28 MP: 4/4
  1459 | D:2      | Reached skill level 5 in Short Blades
  1464 | D:2      | HP: 1/28 [poisoned by an adder]
  2209 | D:2      | Found an ancient bone altar of Kikubaaqudgha.
  2222 | D:2      | Found a sacrificial altar of Ru.
  2236 | D:2      | Found a bloodstained altar of Trog.
  2328 | D:2      | Found an ornate altar of the Wu Jian Council.
  2475 | D:3      | Reached XP level 5. HP: 25/32 MP: 5/5
  2609 | D:3      | Reached skill level 5 in Dodging
  3349 | D:4      | Reached XP level 6. HP: 30/38 MP: 6/6
  3388 | D:4      | Killed from afar by an orc priest

Levels and vault maps discovered:
D:1:      scummos_arrival_simple_crosswalls, layout_basic, minmay_liquid_box
D:2:      layout_basic, nicolae_overflow_quartered_altars
D:3:      layout_loops_ring
D:4:      layout_rooms, first_ration

Skill      XL: |  1  2  3  4  5 |
---------------+----------------+-----
Dodging        | 4 5 |  5.3
Fighting       | 3 4 |  4.1
Short Blades   | 5 |  5.9
Throwing       | |  2.1

Action                   |  1- 3 |  4- 6 || total
-------------------------+-------+-------++-------
Melee: Rapier            |    95 |   177 ||   272
  Use: Potion            |       |     4 ||     4
       Scroll            |       |     5 ||     5
 Stab: Sleeping          |       |     1 ||     1
  Eat: Chunk             |     7 |     9 ||    16
Armor: Leather armour    |    22 |    38 ||    60
       Skin              |       |     6 ||     6
Dodge: Dodged            |    90 |   124 ||   214

Table legend:
 A = Non-vault XP
 B = Vault XP
 C = Vault XP percentage of total XP
 D = Non-vault monster count
 E = Vault monster count
 F = Vault count percentage of total count
                 A         B        C        D         E       F
            +---------+---------+-------+---------+---------+-------
      Total |     316 |       0 |   0.0 |      74 |       0 |   0.0
            +---------+---------+-------+---------+---------+-------
        D:1 |      30 |       0 |   0.0 |      16 |       0 |   0.0
        D:2 |      81 |       0 |   0.0 |      19 |       0 |   0.0
        D:3 |      94 |       0 |   0.0 |      25 |       0 |   0.0
        D:4 |     111 |       0 |   0.0 |      14 |       0 |   0.0
            +---------+---------+-------+---------+---------+-------
